 Dungeon Crawl Stone Soup version 0.32-a0-893-gf85d74f360 (webtiles) character file.

Game seed: 16354546000776201777

963 Heh the Trooper (level 8, -4/100 HPs)
             Began as a Coglin Berserker on Apr 4, 2024.
             Was a Priest of Trog.
             Splashed by a jelly's acid (7 damage)
             ... on level 5 of the Dungeon.
             The game lasted 00:03:54 (3939 turns).

Heh the Trooper (Coglin Berserker)                  Turns: 3939, Time: 00:03:54

Health: -4/100     AC:  4    Str: 18    XL:     8   Next: 15%
Magic:  8/8        EV: 10    Int:  7    God:    Trog [***...]
Gold:   213        SH:  0    Dex: 15    Spells: 7/7 levels left

rFire   . . .        a - +0 falchion {Kateb}
rCold   . . .        i - +0 short sword (protect) {Gucemu}
rNeg    . . .        f - +0 ring mail
rPois   .            (no helmet)
rElec   .            (no cloak)
rCorr   .            (no gloves)
SInv    .            (no boots)
Will    .....        (amulet unavailable) Stlth
                     (ring unavailable)
HPRegen 0.36/turn    (ring unavailable)
MPRegen 0.11/turn    (no gizmo)

%: no passive effects
@: berserking, corroded, under a protective aura, revved, very quick
A: off-hand wielding, slow wielding, warmup strikes, no jewellery
a: Invent Gizmo, Renounce Religion, Berserk, Trog's Hand


You were on level 5 of the Dungeon.
You worshipped Trog.
Trog was most pleased with you.
You visited 1 branch of the dungeon, and saw 5 of its levels.

You collected 213 gold pieces.

Inventory:

Hand Weapons
 a - a +0 falchion (weapon) {Kateb}
 c - a +0 dagger {Jingyi}
 d - a +0 mace {Udom}
 i - a +0 short sword of protection (offhand) {Gucemu}
Armour
 b - a +0 animal skin
 f - a +0 ring mail (worn)
Wands
 k - a wand of roots (7)
 s - a wand of polymorph (11)
Scrolls
 e - a scroll of amnesia {unknown}
 g - 2 scrolls of fear {unknown}
 j - a scroll of immolation {unknown}
 l - 2 scrolls of enchant armour {unknown}
 m - a scroll of identify {unknown}
 n - 2 scrolls of teleportation {unknown}
 o - 2 scrolls of vulnerability {unknown}
Potions
 h - a potion of curing
 p - a potion of invisibility {unknown}
 q - a potion of cancellation {unknown}
 r - 2 potions of berserk rage {unknown}


   Skills:
 + Level 7.1 Fighting
 + Level 7.1 Long Blades
 - Level 1.7 Armour
 - Level 1.7 Dodging


You had 7 spell levels left.
You didn't know any spells.
Your spell library was empty.

Dungeon Overview and Level Annotations

Branches:
Dungeon (5/15)
 Temple: D:4-7

Altars:
Ashenzari
Dithmenos
Gozag
Hepliaklqana
Nemelex Xobeh
Ru
Yredelemnul

Shops:
D:1 (   D:4 [


Innate Abilities, Weirdness & Mutations

You can wield a second weapon in your off-hand.
It takes a long time for you to wield or remove held weapons.
Your first few attacks do less damage.
You cannot equip rings or amulets.


Message History

You are too injured to fight recklessly!
You are too injured to fight recklessly!
You are too injured to fight recklessly!
You are too injured to fight recklessly!
You are too injured to fight recklessly!
You are too injured to fight recklessly!
A jelly is nearby!
A jelly is nearby!
A jelly is nearby!
You are too injured to fight recklessly!
You are too injured to fight recklessly!
You hit the jelly with your +0 short sword of protection.
Your graspers burn!
The jelly is severely wounded.
You barely miss the jelly with your +0 falchion.
You hit the jelly but do no damage.
Your graspers burn!
The jelly is severely wounded.
You hit the jelly with your +0 short sword of protection.
The acid corrodes you!
Your graspers burn!
The jelly barely misses you.
You hit the jelly but do no damage.
Your graspers burn!
* * * LOW HITPOINT WARNING * * *
The jelly is almost dead.
You hit the jelly but do no damage.
Your graspers burn!
* * * LOW HITPOINT WARNING * * *
The jelly barely misses you.
You hit the jelly but do no damage.
Your graspers burn!
* * * LOW HITPOINT WARNING * * *
The jelly is almost dead.
You hit the jelly but do no damage.
Your graspers burn!
* * * LOW HITPOINT WARNING * * *
The jelly hits you.
* * * LOW HITPOINT WARNING * * *
The acid corrodes you!
You are splashed with acid!
* * * LOW HITPOINT WARNING * * *
Okay, then.
A red film seems to cover your vision as you go berserk!
You feel yourself moving faster!
You feel mighty! The jelly hits you.
* * * LOW HITPOINT WARNING * * *
You are splashed with acid!
You die...

..###....................†.......
..#R###.....#..#.#.####...####...
._#§§##.....#..#.#.# #...##.....
..#§§##.....#..#.#.#########.....
..#§##.........#.#...............
..###..........#!#...... ........
####....#........#..... .#..###.
#.......#...##..J#..#####.#..###.
#.......#...##.#@....... #......
#.......#...##.#<....... #...###
#.......######.#......#.###...#
#........# #.#.#............#
##.......#####.#.##...#.####))###
#....................#.#........
#.................#..#.#.#.)....
#.................#..#.#........
#.......######...##..#.####.....


You could see a jelly.

Vanquished Creatures
  Grinder (D:3)
  A centaur (D:5)
  Blork the orc (D:4)
  2 scorpions (D:4)
  A bombardier beetle (D:4)
  3 hounds
  2 orc priests
  3 iguanas
  Ijyb (D:3)
  3 orc wizards (D:4)
  8 adders
  2 dart slugs
  10 orcs
  7 bats
  3 endoplasms
  A giant cockroach (D:2)
  4 hobgoblins
  6 jackals
  5 kobolds
  A quokka (D:3)
  8 ball pythons
  2 frilled lizards
  9 goblins
  6 rats
90 creatures vanquished.

Notes
Turn   | Place    | Note
-------+----------+-------------------------------------------
     0 | D:1      | Heh the Coglin Berserker began the quest for the Orb.
     0 | D:1      | Reached XP level 1. HP: 18/18 MP: 1/1
    99 | D:1      | Reached XP level 2. HP: 18/24 MP: 2/2
   381 | D:1      | Found Giebif's Weapon Boutique.
   565 | D:1      | Reached ** piety under Trog
   784 | D:2      | Reached XP level 3. HP: 27/29 MP: 3/3
   815 | D:2      | Found a sacrificial altar of Ru.
  1321 | D:2      | Found a faded altar of an unknown god.
  1652 | D:3      | Found an opulent altar of Gozag.
  1655 | D:3      | Reached XP level 4. HP: 36/37 MP: 4/4
  1695 | D:3      | Noticed Ijyb
  1714 | D:3      | Killed Ijyb
  1888 | D:3      | Noticed Grinder
  1912 | D:3      | Paralysed by Grinder for 2 turns
  1919 | D:3      | Paralysed by Grinder for 3 turns
  1922 | D:3      | Killed Grinder
  1923 | D:3      | Reached skill level 5 in Fighting
  1923 | D:3      | Reached skill level 5 in Long Blades
  1923 | D:3      | Reached XP level 5. HP: 28/44 MP: 5/5
  1923 | D:3      | Reached XP level 6. HP: 33/51 MP: 6/6
  2056 | D:3      | Found a sparkling altar of Nemelex Xobeh.
  2243 | D:3      | Found a broken altar of Ashenzari.
  2243 | D:3      | Found a basalt altar of Yredelemnul.
  2455 | D:4      | Found Zautzun's Antique Armour Boutique.
  2569 | D:4      | Noticed Blork the orc
  2578 | D:4      | Killed Blork the orc
  2579 | D:4      | Reached XP level 7. HP: 55/57 MP: 7/7
  2580 | D:4      | Reached *** piety under Trog
  3375 | D:5      | Entered Level 5 of the Dungeon
  3672 | D:5      | Reached XP level 8. HP: 58/65 MP: 8/8
  3837 | D:5      | Noticed a shadow
  3838 | D:5      | Found a shadowy altar of Dithmenos.
  3839 | D:5      | Found a hazy altar of Hepliaklqana.
  3938 | D:5      | HP: 2/67 [acid (7)]
  3939 | D:5      | Splashed by a jelly's acid

Illustrated notes

Levels and vault maps discovered:
D:1:      onia_arrival_pyramid, layout_basic, serial_shops, shop
D:2:      layout_basic, ebering_ecumenical_altar_petrified, basic_altar
D:3:      layout_rooms, mainiacjoe_overflow_cross_hatched,
          mainiacjoe_overflow_alcove_2, nicolae_overflow_two_pavilions,
          uniq_grinder, uniq_ijyb
D:4:      layout_rooms, serial_shops, nicolae_shop_advertising_works
          [nicolae_subvault_shop_adworks],
          serial_library_hellmonk_angled_corner, uniq_blork_the_orc
D:5:      layout_basic, riverfiend_overflow_shadow_ancestor

Skill      XL: |  1  2  3  4  5  6  7  8 |
---------------+-------------------------+-----
Fighting       | 4 5 6 7 |  7.1
Long Blades    | 5 6 7 |  7.1
Armour         | |  1.7
Dodging        | |  1.7

Action                     |  1- 3 |  4- 6 |  7- 9 || total
---------------------------+-------+-------+-------++-------
  Melee: Falchion          |    86 |    76 |   126 ||   288
         Dagger            |    15 |       |       ||    15
         Mace              |    44 |       |       ||    44
         Short sword       |    25 |    76 |   118 ||   219
 Invoke: Berserk           |       |     1 |     1 ||     2
         Trog's Hand       |       |       |     1 ||     1
    Use: Potion            |       |       |     1 ||     1
 Armour: Animal skin       |    29 |       |       ||    29
         Ring mail         |    47 |    70 |   106 ||   223
  Dodge: Dodged            |    54 |    36 |    79 ||   169

Table legend: (Time is in decaauts)
 A = Elapsed time spent in this place.
 B = Non-inter-level travel time spent in this place.
 C = Inter-level travel time spent in this place.
 D = Time resting spent in this place.
 E = Time spent auto-exploring this place.
 F = Levels seen in this place.
 G = Mean time per level.
                   A        B        C        D        E       F      G
               +--------+--------+--------+--------+--------+-----+--------+
         Total |   3946 |   3866 |     80 |     45 |   3215 |   5 |  789.2 |
       Dungeon |   3946 |   3866 |     80 |     45 |   3215 |   5 |  789.2 |
               +--------+--------+--------+--------+--------+-----+--------+

Top non-repeatable levels by time:
     D:4: 914 daAuts
     D:2: 854 daAuts
     D:3: 833 daAuts
     D:1: 784 daAuts
     D:5: 559 daAuts
